 Dungeon Crawl Stone Soup version 0.20.0-6-gd3061e9 (webtiles) character file.

1962 Gorglomux the Fighter (level 9, -12/112 HPs)
             Began as a Demonspawn Berserker on May 28, 2017.
             Was a Priest of Trog.
             Mangled by a two-headed ogre
             ... wielding a +0 giant club
              (16 damage)
             ... on level 8 of the Dungeon.
             The game lasted 00:06:53 (6883 turns).

Gorglomux the Fighter (Demonspawn Berserker)        Turns: 6883, Time: 00:06:55

Health: -12/112    AC:  8    Str: 23    XL:     9   Next: 0%
Magic:  9/9        EV: 11    Int:  8    God:    Trog [***...]
Gold:   353        SH:  0    Dex: 16    Spells: 8/8 levels left

rFire    . . .     SeeInvis .   X - +0 long sword
rCold    . . .     Gourm    .   (no shield)
rNeg     . . .     Faith    .   f - +0 ring mail
rPois    .         Spirit   .   B - +0 helmet
rElec    .         Reflect  .   d - scarf {cloud immunity}
rCorr    +         Harm     .   K - +0 pair of gloves
MR       .....                  N - +0 pair of boots
Stlth    ..........             r - amulet of regeneration
Regen    0.7/turn               l - ring of flight
MPRegen  0.2/turn               g - ring of resist corrosion

@: berserking, very quick
A: talons 1, nightstalker 2
a: Berserk, Trog's Hand, Burn Spellbooks, Renounce Religion, Evoke Flight


You were on level 8 of the Dungeon.
You worshipped Trog.
Trog was most pleased with you.
You were very hungry.

You visited 1 branch of the dungeon, and saw 8 of its levels.

You collected 353 gold pieces.

Inventory:

Hand Weapons
 a - a +0 falchion
 X - a +0 long sword (weapon)
Armour
 d - a scarf of cloud immunity (worn)
 f - a +0 ring mail (worn)
 B - a +0 helmet (worn)
 K - a +0 pair of gloves (worn)
 N - a +0 pair of boots (worn)
Jewellery
 g - a ring of resist corrosion (right hand)
 l - a ring of flight (left hand)
 r - an amulet of regeneration (around neck)
Wands
 A - a wand of acid (7/15)
 D - a wand of digging (10/24)
 L - a wand of lightning (11/15)
Scrolls
 e - 7 scrolls of remove curse
 j - a scroll of random uselessness {unknown}
 q - a scroll of recharging {unknown}
 G - 3 scrolls of magic mapping {unknown}
 M - a scroll of immolation {unknown}
 P - a scroll of silence {unknown}
 R - 4 scrolls of identify
 T - 4 scrolls of teleportation
 V - a scroll of brand weapon {unknown}
 W - 3 scrolls of enchant weapon {unknown}
Potions
 h - 4 potions of cancellation
 k - 3 potions of heal wounds
 n - a potion of magic {unknown}
 J - 2 potions of invisibility
 Q - 3 potions of curing
 S - a potion of ambrosia {unknown}
 Y - 5 potions of mutation {unknown}
 Z - 2 potions of degeneration {unknown}
Comestibles
 c - 6 bread rations
 z - 4 meat rations
 E - 3 royal jellies
 O - 11 chunks of flesh
 U - 2 fruits


   Skills:
 + Level 8.8 Fighting
 + Level 8.2 Long Blades
 - Level 1.7 Armour
 - Level 1.7 Dodging


You had 8 spell levels left.
You didn't know any spells.

Dungeon Overview and Level Annotations

Branches:
Dungeon (8/15)             Temple (0/1) D:6
   Lair: D:8-11

Altars:
Fedhas
Ru
Trog

Annotations:
D:7 exclusion: ice statue


Innate Abilities, Weirdness & Mutations

You have sharp toenails.
You are significantly more attuned to the shadows.


Message History

Unknown command.
You slash the two-headed ogre!
The two-headed ogre is severely wounded.
The two-headed ogre barely misses you.
The two-headed ogre hits you with a giant club!
* * * LOW HITPOINT WARNING * * *
You are too injured to fight recklessly!
You are too injured to fight recklessly!
You are too injured to fight recklessly!
You are too injured to fight recklessly!
A two-headed ogre is nearby!
Unknown command.
A two-headed ogre is nearby!
A red film seems to cover your vision as you go berserk!
You feel yourself moving faster!
You feel mighty!
You are feeling very hungry.
The two-headed ogre hits you with a giant club!!
* * * LOW HITPOINT WARNING * * *
The two-headed ogre hits you with a giant club!
You die...

.......# #......#
#......# #......#
#.....# #.....## #.
#...O..# #
.###..@..# ##
..##.....# ##.
#.##.....### ##..
#....).....### ##...
###<...........###
##....
##................#
#..>..
#.................#
##....
##...............<.#
#....
#..................#
#.(..


You could see a two-headed ogre.

Vanquished Creatures
  A hippogriff (D:7)
  An ice beast (D:8)
  An orc warrior (D:7)
  3 phantoms
  An ogre (D:4)
  An eye of draining (D:6)
  2 bullfrogs (D:7)
  A scorpion (D:7)
  4 killer bees (D:7)
  2 howler monkeys
  A crimson imp (D:7)
  6 hounds
  An orc priest (D:7)
  A centaur skeleton (D:7)
  2 iguanas (D:4)
  4 orc wizards
  3 worker ants
  A gnoll (D:6)
  A howler monkey skeleton (D:6)
  8 adders
  An adder skeleton (D:4)
  2 adder zombies
  2 dart slugs
  6 leopard geckos
  22 orcs
  7 giant cockroaches
  6 goblins
  6 hobgoblins
  8 jackals
  2 quokkas
  4 bats
  3 frilled lizards (D:2)
  6 kobolds
  A leopard gecko skeleton (D:7)
  4 rats
125 creatures vanquished.

Notes
Turn   | Place    | Note
-------+----------+-------------------------------------------
     0 | D:1      | Gorglomux the Demonspawn Berserker began the quest for the Orb.
     0 | D:1      | Reached XP level 1. HP: 18/18 MP: 1/1
   547 | D:2      | Gained mutation: You have sharp toenails. [demonic ancestry]
   547 | D:2      | Reached XP level 2. HP: 24/24 MP: 2/2
   654 | D:2      | Reached skill level 3 in Long Blades
   675 | D:2      | Found a blossoming altar of Fedhas.
  1041 | D:2      | Gained mutation: You are slightly more attuned to the shadows. [demonic ancestry]
  1041 | D:2      | Reached XP level 3. HP: 22/29 MP: 3/3
  1296 | D:3      | Found a sacrificial altar of Ru.
  1426 | D:3      | Reached ** piety under Trog
  1426 | D:3      | Reached XP level 4. HP: 15/37 MP: 4/4
  1964 | D:3      | Reached XP level 5. HP: 38/43 MP: 5/5
  2423 | D:4      | Noticed a phantom
  2449 | D:4      | Killed a phantom
  2479 | D:4      | Noticed a phantom
  2626 | D:4      | Killed a phantom
  2626 | D:4      | Gained mutation: You are significantly more attuned to the shadows. [demonic ancestry]
  2626 | D:4      | Reached XP level 6. HP: 51/51 MP: 6/6
  3374 | D:4      | Reached XP level 7. HP: 57/57 MP: 7/7
  3681 | D:4      | Reached skill level 6 in Fighting
  3877 | D:5      | Entered Level 5 of the Dungeon
  4083 | D:5      | Reached skill level 6 in Long Blades
  4555 | D:6      | Found a staircase to the Ecumenical Temple.
  5116 | D:6      | Found a bloodstained altar of Trog.
  5654 | D:7      | Noticed an ice statue
  5702 | D:7      | Reached XP level 8. HP: 47/67 MP: 8/8
  5746 | D:7      | Reached *** piety under Trog
  5977 | D:7      | Noticed a hippogriff
  5990 | D:7      | Killed a hippogriff
  6828 | D:8      | Reached XP level 9. HP: 68/75 MP: 9/9
  6869 | D:8      | Noticed a two-headed ogre
  6883 | D:8      | HP: 4/112 [two-headed ogre/giant club (24)]
  6883 | D:8      | Mangled by a two-headed ogre

Skill      XL: |  1  2  3  4  5  6  7  8 |
---------------+-------------------------+-----
Long Blades    | 3 4 5 6 8 |  8.2
Fighting       | 4 5 7 8 |  8.8
Armour         | |  1.7
Dodging        | |  1.7

Action                   |  1- 3 |  4- 6 |  7- 9 || total
-------------------------+-------+-------+-------++-------
Melee: Falchion          |   115 |   124 |    87 ||   326
       Kick              |    28 |    41 |     5 ||    74
       Long sword        |       |       |   211 ||   211
Invok: Berserk           |     3 |     3 |     5 ||    11
       Trog's Hand       |       |       |     2 ||     2
       Burn Spellbooks   |       |       |     1 ||     1
  Use: Scroll            |       |       |     7 ||     7
 Stab: Sleeping          |     1 |     4 |    12 ||    17
  Eat: Chunk             |     4 |     8 |    14 ||    26
       Fruit             |       |       |     4 ||     4
Armor: Ring mail         |    44 |    36 |   131 ||   211
Dodge: Dodged            |    78 |    58 |   160 ||   296
       Rpst.: Falchion   |    26 |    23 |    13 ||    62
       Long sword        |       |       |    31 ||    31
